 Dungeon Crawl Stone Soup version 0.32-a0-42-ga30500b4d3 (webtiles) character file.

Game seed: 7548913259288871163

97 CraigForest the Poker (level 4, -7/32 (34) HPs)
             Began as a Merfolk Gladiator on Jan 29, 2024.
             Mangled by a hell rat (8 damage)
             ... in a sewer on Jan 30, 2024.
             The game lasted 00:07:37 (1547 turns).

CraigForest the Poker (Merfolk Gladiator)           Turns: 1547, Time: 00:07:37

HP:   -7/32 (34)    AC: 11    Str: 16    XL:     4   Next: 68%
MP:   0/3           EV: 12    Int:  9    God:
Gold: 83            SH:  0    Dex: 15    Spells: 3/3 levels left

rFire   . . .        a - +0 trident
rCold   . . .        (no shield)
rNeg    . . .        x - +0 scale mail
rPois   .            c - +0 helmet
rElec   .            (no cloak)
rCorr   .            (no gloves)
SInv    .            r - +1 pair of boots
Will    .....        p - amulet "Ytiuck" {Spirit Int+2}
Stlth   +            o - ring of flight
HPRegen 0.25/turn    (no ring)
MPRegen 0.08/turn

%: guardian spirit
@: flying, drained
A: (nimble swimmer 2), mertail, iridescent scales 1, low MP 1, sturdy frame 1
a: no special abilities


You were in a sewer.
You visited 1 branch of the dungeon, and saw 3 of its levels.
You also visited: Sewer.

You collected 83 gold pieces.

Inventory:

Hand Weapons
 a - a +0 trident (weapon)
 k - a +0 long sword
 w - a +1 vampiric short sword
Missiles
 d - 3 throwing nets (quivered)
 e - a javelin
 f - 3 poisoned darts
 h - 4 atropa-tipped darts
 u - 3 boomerangs
Armour
 b - a +0 leather armour
 c - a +0 helmet (worn)
 r - a +1 pair of boots (worn)
 x - a +0 scale mail (worn)
Jewellery
 o - a ring of flight (left hand)
 p - the amulet "Ytiuck" (around neck) {Spirit Int+2}
   (You found it on level 2 of the Dungeon)

   [amulet of guardian spirit]

   Spirit:    It causes incoming damage to be divided between your reserves of
   health and magic.
   Int+2:     It affects your intelligence (+2).
 q - a ring of fire
Scrolls
 g - a scroll of fog {unknown}
 i - a scroll of amnesia {unknown}
 l - a scroll of enchant armour {unknown}
 n - a scroll of identify {unknown}
 s - a scroll of teleportation {unknown}
 v - a scroll of vulnerability {unknown}
Potions
 j - a potion of mutation


   Skills:
 + Level 2.9 Fighting
 + Level 5.5 Polearms
 + Level 2.2 Throwing
 + Level 1.0 Armour
 + Level 4.5 Dodging


You had 3 spell levels left.
You didn't know any spells.
Your spell library contained the following spells:

 Spells                   Type           Power      Damage    Failure   Level
 Volatile Blastmotes      Fire/Tloc      0%         2d10      95%         3
 Fulminant Prism          Conj/Alch      0%         3d5       100%        4
 Iskenderun's Mystic Bla  Conj/Tloc      0%         2d3       100%        4


Dungeon Overview and Level Annotations

Branches:
Dungeon (3/15)              Sewer (1/1)

Altars:

Shops:
D:3 (


Innate Abilities, Weirdness & Mutations

((You are very nimble when in or above water. (Stealth+, EV+, Speed+++)))
Your lower body shifts to a powerful aquatic tail in water.
You are partially covered in iridescent scales. (AC +2)
Your magical capacity is low. (-10% MP)
Your movements are slightly less encumbered by armour. (ER -2)


Message History

The hell rat bites you but does no damage.
The hell rat closely misses you.
You hit the hell rat.
The hell rat is moderately wounded.
The hell rat splashes around in the water.
You closely miss the hell rat.
The hell rat is moderately wounded.
The hell rat twitches its whiskers.
The hell rat completely misses you.
You barely miss the hell rat.
The hell rat is moderately wounded.
The hell rat barely misses you.
You hit the hell rat but do no damage.
The hell rat is moderately wounded.
The hell rat splashes around in the water.
The hell rat closely misses you.
You hit the hell rat.
The hell rat is heavily wounded.
The hell rat barely misses you.
You hit the hell rat but do no damage.
The hell rat is heavily wounded.
The hell rat bites you!
You feel drained.
You hit the hell rat but do no damage.
The hell rat is heavily wounded.
The hell rat splashes around in the water.
You hit the hell rat but do no damage.
The hell rat is heavily wounded.
The hell rat splashes around in the water.
The hell rat bites you!
You feel drained.
You hit the hell rat but do no damage.
The hell rat is heavily wounded.
The hell rat splashes around in the water.
You closely miss the hell rat.
The hell rat is heavily wounded.
The hell rat bites you!
* * * LOW HITPOINT WARNING * * *
You hit the hell rat but do no damage.
The hell rat is heavily wounded.
The hell rat bites you!
You die...

#### #~.~##
.~~~~~. ##~.
~.~~# #.~~
##~~.# ##.~
#~##..## #...
~~~#.~~#
#.~##~.!##~~#
#~~#@r~!?#~†#
#.~'~~~!∩#∩∩#
#..#~~~??#~†#
#~.##~~?##~~#
#.~~#~.~#~.~#
##.~##~##†.##
#~.~###~~.#
##~~.~...##
#~~..~~.#


You could see a hell rat.

Vanquished Creatures
  2 adders (D:2)
  3 river rats (Sewer)
  5 endoplasms
  8 giant cockroaches
  4 goblins
  2 hobgoblins (D:2)
  3 jackals (D:1)
  2 kobolds
  3 quokkas
  A ball python (D:2)
  5 bats
  5 frilled lizards
  6 rats
49 creatures vanquished.

Notes
Turn   | Place    | Note
-------+----------+-------------------------------------------
     0 | D:1      | CraigForest the Merfolk Gladiator began the quest for the
                  | Orb.
     0 | D:1      | Reached XP level 1. HP: 16/16 MP: 1/1
   141 | D:1      | Reached XP level 2. HP: 22/22 MP: 2/2
   569 | D:1      | Found a faded altar of an unknown god.
   749 | D:2      | Reached skill level 5 in Polearms
   749 | D:2      | Reached XP level 3. HP: 20/28 MP: 3/3
   904 | D:2      | Identified the amulet "Ytiuck" {Spirit Int+2}
  1251 | D:3      | Found Xyentied's Antique Weapon Boutique.
  1330 | D:3      | Reached XP level 4. HP: 34/34 MP: 4/4
  1338 | D:3      | Found a glowing drain.
  1369 | Sewer    | Entered a sewer
  1390 | Sewer    | Gained mutation: Your movements are slightly less
                  | encumbered by armour. (ER -2) [potion of mutation]
  1390 | Sewer    | Gained mutation: You are partially covered in iridescent
                  | scales. (AC +2) [potion of mutation]
  1390 | Sewer    | Gained mutation: Your magical capacity is low. (-10% MP)
                  | [potion of mutation]
  1399 | Sewer    | Reached skill level 1 in Armour
  1546 | Sewer    | HP: 1/32 [hell rat (9)]
  1547 | Sewer    | Mangled by a hell rat

Illustrated notes

Levels and vault maps discovered:
D:1:      giann_horns, layout_loops_cross,
          dreamdust_ecumenical_altar_hidden_monk_grotto
D:2:      layout_rooms
D:3:      layout_rooms, serial_shops, shop, gup_sewer_entry_pipe,
          chequers_arboretum
Sewer:    sewer_hellmonk_bad_rat

Skill      XL: |  1  2  3  4 |
---------------+-------------+-----
Polearms       | 5 |  5.5
Armour         | 1 |  1.0
Fighting       | |  2.9
Throwing       | |  2.2
Dodging        | |  4.5

Action                     |  1- 3 |  4- 6 || total
---------------------------+-------+-------++-------
  Melee: Trident           |   103 |    62 ||   165
         Punch             |       |     1 ||     1
    Use: Potion            |       |     4 ||     4
 Armour: Leather armour    |    38 |       ||    38
         Skin              |     3 |       ||     3
         Scale mail        |     2 |    41 ||    43
  Dodge: Dodged            |    60 |    51 ||   111

Table legend: (Time is in decaauts)
 A = Elapsed time spent in this place.
 B = Non-inter-level travel time spent in this place.
 C = Inter-level travel time spent in this place.
 D = Time resting spent in this place.
 E = Time spent auto-exploring this place.
 F = Levels seen in this place.
 G = Mean time per level.
                   A        B        C        D        E       F      G
               +--------+--------+--------+--------+--------+-----+--------+
         Total |   1543 |   1510 |     33 |      0 |   1086 |   4 |  385.8 |
       Dungeon |   1368 |   1335 |     33 |      0 |    976 |   3 |  456.0 |
         Sewer |    175 |    175 |      0 |      0 |    109 |   1 |  175.0 |
               +--------+--------+--------+--------+--------+-----+--------+

Top non-repeatable levels by time:
     D:1: 743 daAuts
     D:2: 513 daAuts
   Sewer: 175 daAuts
     D:3: 112 daAuts
